 Dungeon Crawl Stone Soup version 0.31-a0-1019-g3dd9dd1025 (webtiles) character file.

Game seed: 15344824374878463181

816 Malachi the Ruffian (level 7, 0/53 HPs)
             Began as a Gnoll Shapeshifter on Nov 17, 2023.
             Was a Believer of Okawaru.
             Slain by an orc
             ... wielding a +0 mace
              (6 damage)
             ... on level 4 of the Dungeon.
             The game lasted 00:06:58 (6735 turns).

Malachi the Ruffian (Gnoll Shapeshifter)            Turns: 6735, Time: 00:07:00

Health: 0/53       AC: 10    Str: 16    XL:     7   Next: 94%
Magic:  11/11      EV:  8    Int:  9    God:    Okawaru [**....]
Gold:   232        SH:  0    Dex: 11    Spells: 11/11 levels left

rFire   . . .        i - +0 flail (freeze)
rCold   + . .        (no shield)
rNeg    + . .        n - +1 chain mail {Will+}
rPois   .            (helmet currently unavailable)
rElec   .            (cloak currently unavailable)
rCorr   .            (gloves currently unavailable)
SInv    .            (boots currently unavailable)
Will    +....        (no amulet) Stlth
                     f - ring of positive energy
HPRegen 0.28/turn    k - ring of protection from cold
MPRegen 0.12/turn

%: no passive effects
@: beast-form
A: beast (slay +4), fangs 1, strong nose, distributed training
a: Begin Untransformation, Renounce Religion, Heroism


You were on level 4 of the Dungeon.
You worshipped Okawaru.
Okawaru was pleased with you.
You were a hulking beast.
You visited 1 branch of the dungeon, and saw 5 of its levels.

You collected 232 gold pieces.

Inventory:

Hand Weapons
 i - a +0 flail of freezing (weapon)
Missiles
 m - 5 boomerangs
 q - 2 darts of dispersal
Armour
 a - a +0 pair of gloves
 g - a +0 helmet
 n - a +1 chain mail of willpower (worn)
 r - a +2 leather armour of fire resistance
 t - a +0 helmet
Jewellery
 f - a ring of positive energy (left hand)
 k - a ring of protection from cold (right hand)
Talismans
 c - a beast talisman
 d - a flux talisman
Wands
 p - a wand of flame (15)
Scrolls
 l - 2 scrolls of teleportation
 o - a scroll of poison
Potions
 b - a potion of lignification
 e - a potion of invisibility
 h - 3 potions of enlightenment {unknown}
 j - 3 potions of attraction {unknown}
 u - 2 potions of mutation {unknown}
 v - 2 potions of haste {unknown}
 w - a potion of heal wounds {unknown}


   Skills:
 + Level 3.9 Fighting
 + Level 2.8 Short Blades
 + Level 2.8 Long Blades
 + Level 2.8 Axes
 + Level 2.8 Maces & Flails
 + Level 2.8 Polearms
 + Level 2.8 Staves
 + Level 2.8 Ranged Weapons
 + Level 2.8 Throwing
 + Level 2.8 Armour
 + Level 5.4 Dodging
 + Level 2.8 Stealth
 + Level 2.8 Shields
 + Level 7.2 Unarmed Combat
 + Level 2.8 Spellcasting
 + Level 2.3 Conjurations
 + Level 2.3 Hexes
 + Level 2.3 Summonings
 + Level 2.3 Necromancy
 + Level 2.3 Translocations
 + Level 2.3 Transmutations
 + Level 2.3 Fire Magic
 + Level 2.3 Ice Magic
 + Level 2.3 Air Magic
 + Level 2.3 Earth Magic
 + Level 2.3 Poison Magic
 + Level 3.1 Invocations
 + Level 2.8 Evocations
 + Level 7.1 Shapeshifting


You had 11 spell levels left.
You didn't know any spells.
Your spell library contained the following spells:

 Spells                   Type           Power      Damage    Failure   Level
 Kiss of Death            Conj/Necr      20%        2d7       82%         1
 Lesser Beckoning         Tloc           10%        N/A       91%         2
 Confusing Touch          Hex            5%         N/A       99%         3
 Gell's Gravitas          Tloc           5%         N/A       99%         3
 Teleport Other           Tloc           5%         N/A       99%         3
 Dispel Undead            Necr           5%         3d7       100%        4


Dungeon Overview and Level Annotations

Branches:
Dungeon (5/15)             Temple (0/1) D:4

Altars:
Kikubaaqudgha
Okawaru

Annotations:
D:4 1 runed translucent door


Innate Abilities, Weirdness & Mutations

You are a hulking beast.
Your limbs bulge with bestial killing power. (Slay +4)
You have very sharp teeth.
Your uncanny sense of smell can sniff out nearby items.
Your experience applies equally to all skills.


Message History

The gnoll sergeant hits you but does no damage.
The gnoll sergeant closely misses you.
You completely miss the gnoll.
The gnoll is severely wounded.
The gnoll barely misses you.
The gnoll sergeant hits you from afar with a +3 trident of flaming!
The gnoll sergeant burns you.
You closely miss the gnoll.
The gnoll is severely wounded.
The gnoll hits you from afar with a +0 spear.
The gnoll barely misses you. The gnoll sergeant barely misses you.
You barely miss the gnoll.
The gnoll is severely wounded.
The gnoll hits you from afar with a +0 spear!
The gnoll hits you with a +0 spear.
The gnoll sergeant hits you but does no damage.
The gnoll hits you from afar with a +0 spear.
The gnoll hits you with a +0 spear.
The gnoll sergeant hits you but does no damage.
The orc hits you but does no damage.
You climb upwards.
Level annotation: 1 runed translucent door
There is a stone staircase leading down here.
You are too injured to fight recklessly!
You are too injured to fight recklessly!
You are too injured to fight recklessly!
You closely miss the gnoll. Your bite misses the gnoll.
The gnoll is severely wounded.
The gnoll hits you with a +0 spear.
* * * LOW HITPOINT WARNING * * *
The orc hits you with a +0 mace.
* * * LOW HITPOINT WARNING * * *
The gnoll hits you but does no damage.
You hit the gnoll. You freeze the gnoll.
You kill the gnoll!
Okawaru accepts your kill. The orc hits you with a +0 mace.
* * * LOW HITPOINT WARNING * * *
The orc hits you with a +0 mace.
You die...

.#......#..#############.#
##'###..#.......#'#####..########
.....#..######......##....#......
.....#.......#......#.....'......
.....#.......#......#.....#.%....
.....#.......#......'.....#......
.....#########......#.##..#......
####.............#+##.##..#####..
#...........oh#......<.....#..
#............)#............#..
#.............#............#..
#.............#............#.)
#.............#............#..
#..........)..+............#..
#.............##############..
############### ###


You could see an orc.

Vanquished Creatures
  The ghost of Queen the Conjurer, a novice DECj (D:4)
  A water moccasin (D:5)
  A scorpion (D:4)
  2 hounds
  2 orc priests
  An iguana (D:5)
  An orc wizard (D:5)
  Terence (D:2)
  Ijyb (D:3)
  Robin (D:3)
  6 adders
  6 gnolls
  A worm (D:4)
  A dart slug (D:1)
  7 orcs
  5 bats
  10 endoplasms
  3 giant cockroaches
  A goblin (D:1)
  13 hobgoblins
  4 jackals (D:2)
  3 quokkas
  10 ball pythons
  2 frilled lizards
  7 kobolds
  5 rats
96 creatures vanquished.

Vanquished Creatures (others)
  An orc wizard (D:5)
  A goblin (D:3)
2 creatures vanquished.

Grand Total: 98 creatures vanquished

Notes
Turn   | Place    | Note
-------+----------+-------------------------------------------
     0 | D:1      | Malachi the Gnoll Shapeshifter began the quest for the Orb.
     0 | D:1      | Reached XP level 1. HP: 17/17 MP: 1/1
    19 | D:1      | Found a faded altar of an unknown god.
   119 | D:1      | Prayed at the altar of an unknown god.
   119 | D:1      | Became a worshipper of Warmaster Okawaru
   119 | D:1      | Reached * piety under Okawaru
   153 | D:1      | Reached XP level 2. HP: 22/23 MP: 2/2
   450 | D:1      | Reached XP level 3. HP: 7/28 MP: 3/3
   699 | D:1      | Reached skill level 1 in Invocations
  1242 | D:2      | Noticed Terence
  1261 | D:2      | Reached skill level 1 in Short Blades
  1261 | D:2      | Reached skill level 1 in Long Blades
  1261 | D:2      | Reached skill level 1 in Axes
  1261 | D:2      | Reached skill level 1 in Maces & Flails
  1261 | D:2      | Reached skill level 1 in Polearms
  1261 | D:2      | Reached skill level 1 in Staves
  1261 | D:2      | Reached skill level 1 in Ranged Weapons
  1261 | D:2      | Reached skill level 1 in Throwing
  1261 | D:2      | Reached skill level 1 in Armour
  1261 | D:2      | Reached skill level 1 in Stealth
  1261 | D:2      | Reached skill level 1 in Shields
  1261 | D:2      | Reached skill level 1 in Spellcasting
  1261 | D:2      | Reached skill level 1 in Evocations
  1269 | D:2      | Killed Terence
  1270 | D:2      | Reached XP level 4. HP: 30/34 MP: 5/5
  1896 | D:3      | Found an ancient bone altar of Kikubaaqudgha.
  2027 | D:3      | Reached skill level 1 in Conjurations
  2027 | D:3      | Reached skill level 1 in Hexes
  2027 | D:3      | Reached skill level 1 in Summonings
  2027 | D:3      | Reached skill level 1 in Necromancy
  2027 | D:3      | Reached skill level 1 in Translocations
  2027 | D:3      | Reached skill level 1 in Transmutations
  2027 | D:3      | Reached skill level 1 in Fire Magic
  2027 | D:3      | Reached skill level 1 in Ice Magic
  2027 | D:3      | Reached skill level 1 in Air Magic
  2027 | D:3      | Reached skill level 1 in Earth Magic
  2027 | D:3      | Reached skill level 1 in Poison Magic
  2033 | D:3      | Noticed Robin
  2037 | D:3      | Noticed Ijyb
  2045 | D:3      | Killed Ijyb
  2048 | D:3      | Killed Robin
  2049 | D:3      | Reached XP level 5. HP: 17/40 MP: 5/7
  3240 | D:4      | Found a runed translucent door.
  3241 | D:4      | Noticed Queen's ghost (novice DECj)
  3343 | D:4      | Killed Queen's ghost
  3343 | D:4      | Reached ** piety under Okawaru
  3344 | D:4      | Reached skill level 5 in Dodging
  3344 | D:4      | Reached XP level 6. HP: 11/47 MP: 7/9
  3355 | D:4      | Found a runed translucent door.
  3989 | D:4      | Reached XP level 7. HP: 41/52 MP: 10/10
  4750 | D:4      | Found a staircase to the Ecumenical Temple.
  5171 | D:5      | Entered Level 5 of the Dungeon
  6735 | D:4      | Slain by an orc

Illustrated notes

Levels and vault maps discovered:
D:1:      amcnicky_arrival_feature_with_door, layout_rooms,
          hellmonk_ecumenical_altar_lost_god, serial_bayou, serial_bayou_pond_b,
          serial_bayou_shore_b, serial_bayou_pond_d, serial_bayou_shore_b,
          serial_bayou_pond_d, minmay_misc_feat_rows,
          minmay_misc_feat_secret_circle
D:2:      layout_loops_corners, nicolae_kite_square_tiling_tiny, uniq_terence
D:3:      layout_basic, lemuel_doored_altar, hangedman_decor_push,
          nicolae_goblin_pals
D:4:      layout_gridville, minmay_temple_entry_nine_rooms,
          ebering_ghost_sewer_f, supply_closet_lemuel
D:5:      layout_rooms, elyvilon_altar_3

Skill      XL: |  1  2  3  4  5  6  7 |
---------------+----------------------+-----
Invocations    | 1 2 3 |  3.1
Short Blades   | 1 2 |  2.8
Long Blades    | 1 2 |  2.8
Axes           | 1 2 |  2.8
Maces & Flails | 1 2 |  2.8
Polearms       | 1 2 |  2.8
Staves         | 1 2 |  2.8
Ranged Weapons | 1 2 |  2.8
Throwing       | 1 2 |  2.8
Armour         | 1 2 |  2.8
Stealth        | 1 2 |  2.8
Shields        | 1 2 |  2.8
Spellcasting   | 1 2 |  2.8
Evocations     | 1 2 |  2.8
Conjurations   | 1 2 |  2.3
Hexes          | 1 2 |  2.3
Summonings     | 1 2 |  2.3
Necromancy     | 1 2 |  2.3
Translocations | 1 2 |  2.3
Transmutations | 1 2 |  2.3
Fire Magic     | 1 2 |  2.3
Ice Magic      | 1 2 |  2.3
Air Magic      | 1 2 |  2.3
Earth Magic    | 1 2 |  2.3
Poison Magic   | 1 2 |  2.3
Fighting       | 3 |  3.9
Dodging        | 5 |  5.4
Unarmed Combat | 7 |  7.2
Shapeshifting  | 7 |  7.1

Action                     |  1- 3 |  4- 6 |  7- 9 || total
---------------------------+-------+-------+-------++-------
  Melee: Unarmed           |    29 |       |       ||    29
         Bite              |     5 |    12 |     9 ||    26
         Flail             |    52 |   125 |    83 ||   260
         Punch             |     1 |     7 |     6 ||    14
 Invoke: Heroism           |       |       |     1 ||     1
    Use: Scroll            |     3 |     4 |     4 ||    11
         Potion            |       |       |     1 ||     1
   Stab: Sleeping          |       |     3 |       ||     3
 Armour: Ring mail         |    56 |    29 |       ||    85
         Animal skin       |     2 |       |       ||     2
         Leather armour    |       |    55 |    12 ||    67
         Chain mail        |       |       |   100 ||   100
  Dodge: Dodged            |    55 |    88 |    49 ||   192

Table legend: (Time is in decaauts)
 A = Elapsed time spent in this place.
 B = Non-inter-level travel time spent in this place.
 C = Inter-level travel time spent in this place.
 D = Time resting spent in this place.
 E = Time spent auto-exploring this place.
 F = Levels seen in this place.
 G = Mean time per level.
                   A        B        C        D        E       F      G
               +--------+--------+--------+--------+--------+-----+--------+
         Total |   6828 |   6358 |    470 |   2288 |   3087 |   5 | 1365.6 |
       Dungeon |   6828 |   6358 |    470 |   2288 |   3087 |   5 | 1365.6 |
               +--------+--------+--------+--------+--------+-----+--------+

Top non-repeatable levels by time:
     D:4: 2585 daAuts
     D:3: 1731 daAuts
     D:1: 901 daAuts
     D:2: 888 daAuts
     D:5: 722 daAuts
